 Dungeon Crawl Stone Soup version 0.28-a0-643-g84cb2ea78e (webtiles) character file.

Game seed: 15506535142087776259

67 timneilson the Skirmisher (level 4, -1/35 HPs)
             Began as a Demonspawn Fighter on Oct 10, 2021.
             Slain by Sigmund (10 damage)
             ... on level 2 of the Dungeon.
             The game lasted 00:01:56 (1215 turns).

timneilson the Skirmisher (Demonspawn Fighter)      Turns: 1215, Time: 00:01:57

Health: -1/35      AC: 12    Str: 17    XL:     4   Next: 0%
Magic:  4/4        EV:  7    Int: 13    God:
Gold:   101        SH:  4    Dex: 13    Spells: 3/3 levels left

rFire   . . .      SeeInvis .   a - +0 long sword
rCold   + . .      Faith    .   c - +0 buckler
rNeg    . . .      Spirit   .   d - +2 chain mail {rC+}
rPois   .          Reflect  .   (no helmet)
rElec   .          Harm     .   (no cloak)
rCorr   .          Rampage  .   e - +0 pair of gloves
Will    .....                   (no boots)
Stlth   ..........              (no amulet)
HPRegen 0.11/turn               (no ring)
MPRegen 0.09/turn               (no ring)

@: no status effects
A: big brain 2
a: no special abilities


You were on level 2 of the Dungeon.
You visited 1 branch of the dungeon, and saw 2 of its levels.

You collected 101 gold pieces.

Inventory:

Hand Weapons
 a - a +0 long sword (weapon)
Armour
 c - a +0 buckler (worn)
 d - a +2 chain mail of cold resistance (worn)
 e - a +0 pair of gloves (worn)
Scrolls
 b - a scroll of immolation {unknown}
 f - 2 scrolls of identify
 g - a scroll of enchant armour {unknown}


   Skills:
 + Level 3.2 Fighting
 * Level 2.5 Long Blades
 * Level 3.2 Armour
 + Level 0.9 Dodging
 * Level 3.2 Shields


You had 3 spell levels left.
You didn't know any spells.
Your spell library was empty.

Dungeon Overview and Level Annotations

Branches:
Dungeon (2/15)

Altars:

Annotations:
D:2 Sigmund


Innate Abilities, Weirdness & Mutations

You have an extremely huge brain. (Int +4)


Message History

Found a stone staircase leading down.
There is a stone staircase leading down here.
Sigmund the Dreaded comes into view.
He is wielding a +0 scythe.
Sigmund shouts!
Sigmund casts a spell.
Sigmund flickers and vanishes!
Deactivating autopickup; reactivate with Ctrl-A.
You are confused.
You bump into the rock wall.
You hear some strange, mumbled words.
Something tries to affect you, but you resist.
You bump into the rock wall.
Something hits you. Something hits you.
You miss something.
You feel less confused. Something hits you but does no damage.
You miss something. You completely miss something. Something hits you.
You closely miss something. Something hits you.
You miss something. Something hits you!
You barely miss something. Something hits you but does no damage.
You miss something. Something hits you but does no damage.
You miss something. Something hits you but does no damage.
You hit something. You hit something but do no damage.
Something hits you but does no damage.
You miss something. Something hits you but does no damage.
It was a potion of curing.
You feel better. Something hits you but does no damage.
You barely miss something. Something hits you.
You barely miss something. Something hits you.
You miss something.
Your chain mail prevents you from hitting something.
Something hits you but does no damage.
You barely miss something. Something hits you but does no damage.
You miss something. Something hits you!
You barely miss something. Something hits you.
* * * LOW HITPOINT WARNING * * *
You closely miss something. You block something's attack.
You miss something. Something hits you!
You die...

........###.#.###.#.##.#
........# #.........##.#
.#......###.##.####.##.#
.#......#......# #..†.#
..(.....#......## #.####
........#.8#8...# #.#
..#.#####.#$#...###.#
###.# #.8#8..[.##.# .#
.# #......#@##.# .#
#......#{.#.# #
#########.#.# .# .# ##
.# .# .. ..


There were no monsters in sight!

Vanquished Creatures
  Terence (D:2)
  An adder (D:2)
  A gnoll (D:1)
  An endoplasm (D:1)
  A giant cockroach (D:1)
  A goblin (D:1)
  A hobgoblin (D:1)
  4 jackals (D:1)
  A quokka (D:1)
  3 bats
  2 frilled lizards (D:1)
  3 kobolds (D:1)
  5 rats
25 creatures vanquished.

Notes
Turn   | Place    | Note
-------+----------+-------------------------------------------
     0 | D:1      | timneilson the Demonspawn Fighter began the quest for the
                  | Orb.
     0 | D:1      | Reached XP level 1. HP: 18/18 MP: 1/1
   245 | D:1      | Gained mutation: You have an unusually large brain. (Int
                  | +2) [demonic ancestry]
   245 | D:1      | Reached XP level 2. HP: 16/24 MP: 2/2
   709 | D:1      | Gained mutation: You have an extremely huge brain. (Int +4)
                  | [demonic ancestry]
   709 | D:1      | Reached XP level 3. HP: 29/29 MP: 3/3
   995 | D:2      | Noticed Terence
  1008 | D:2      | Killed Terence
  1101 | D:2      | Reached XP level 4. HP: 35/35 MP: 4/4
  1188 | D:2      | Noticed Sigmund
  1215 | D:2      | Slain by Sigmund

Illustrated notes

Levels and vault maps discovered:
D:1:      dpeg_arrival_short_road, layout_loops_ring
D:2:      layout_basic, minivault_5, minmay_statues_item, serial_bayou_lagoon_b,
          uniq_terence, uniq_sigmund, uniq_crazy_yiuf_cottage

Skill      XL: |  1  2 |
---------------+-------+-----
Long Blades    | 2 |  2.5
Armour         | 3 |  3.2
Shields        | 3 |  3.2
Fighting       | |  3.2
Dodging        | |  0.9

Action                   |  1- 3 |  4- 6 || total
-------------------------+-------+-------++-------
Melee: Long sword        |    81 |    20 ||   101
  Use: Scroll            |     3 |       ||     3
       Potion            |     2 |     1 ||     3
Armor: Scale mail        |    36 |       ||    36
       Chain mail        |     4 |     9 ||    13
Dodge: Dodged            |    44 |       ||    44
Block: Buckler           |    19 |     1 ||    20

Table legend: (Time is in decaauts)
 A = Elapsed time spent in this place.
 B = Non-inter-level travel time spent in this place.
 C = Inter-level travel time spent in this place.
 D = Time resting spent in this place.
 E = Time spent auto-exploring this place.
 F = Levels seen in this place.
 G = Mean time per level.
                   A        B        C        D        E       F      G
               +--------+--------+--------+--------+--------+-----+--------+
         Total |   1246 |   1246 |      0 |      0 |    972 |   2 |  623.0 |
       Dungeon |   1246 |   1246 |      0 |      0 |    972 |   2 |  623.0 |
               +--------+--------+--------+--------+--------+-----+--------+

Top non-repeatable levels by time:
     D:1: 906 daAuts
     D:2: 340 daAuts
